 Dungeon Crawl Stone Soup version 0.25-a0-566-g062765be81 (webtiles) character file.

Game seed: 12480215030349354864, levelgen mode: classic

66196 EnegeticOcto the Champion of Chaos (level 14, -4/139 HPs)
             Began as a Deep Dwarf Fighter on Feb 27, 2020.
             Was the Champion of Makhleb.
             Slain by a deep troll shaman (5 damage)
             ... on level 15 of the Dungeon.
             The game lasted 00:10:08 (10893 turns).

EnegeticOcto the Champion of Chaos (DDFi)          Turns: 10893, Time: 00:10:09

Health: -4/139     AC: 18    Str: 28    XL:     14   Next: 78%
Magic:  3/3        EV: 11    Int:  9    God:    Makhleb [******]
Gold:   989        SH: 12    Dex: 12    Spells: 13/13 levels left

rFire    + . .     SeeInvis .   E - +1 broad axe (venom)
rCold    . . .     Gourm    .   c - +0 kite shield
rNeg     + . .     Faith    .   i - +1 plate armour {MR+}
rPois    +         Spirit   .   p - +1 hat
rElec    .         Reflect  .   f - +1 cloak
rCorr    .         Harm     .   (no gloves)
MR       ++++.                  (no boots)
Stlth    ..........             (no amulet)
HPRegen  0.00/turn              C - ring of Due Proportion {rPois MR+ Str+3}
MPRegen  0.08/turn              A - ring of protection from fire

@: very slightly contaminated, non-regenerating
A: damage resistance, heal wounds, horns 1, negative energy resistance 1, sense
surroundings 2, no regeneration
a: Heal Wounds, Minor Destruction, Lesser Servant of Makhleb, Major Destruction,
Greater Servant of Makhleb, Renounce Religion


You were on level 15 of the Dungeon.
You worshipped Makhleb.
Makhleb was exalted by your worship.
You were hungry.

You visited 2 branches of the dungeon, and saw 16 of its levels.
You also visited: Sewer and Bailey.

You collected 989 gold pieces.

Inventory:

Hand Weapons
 w - the +1 war axe of the Morning {flame, +Rage +Fly rC- MR+++}
   (You found it on level 10 of the Dungeon)

   It has been specially enchanted to burn those struck by it, causing extra
   injury to most foes and up to half again as much damage against particularly
   susceptible opponents.
   Big, fiery blades are also staple armaments of hydra-hunters.
   It makes you vulnerable to cold.
   It affects your resistance to hostile enchantments.
   It lets you fly.
   It lets you go berserk.
 D - a +0 short sword of distortion
 E - a +1 broad axe of venom (weapon)
Missiles
 r - a throwing net (quivered)
Armour
 c - a +0 kite shield (worn)
 f - a +1 cloak (worn)
 i - a +1 plate armour of magic resistance (worn)
 p - a +1 hat (worn)
Jewellery
 A - a ring of protection from fire (right hand)
 C - the ring of Due Proportion (left hand) {rPois MR+ Str+3}
   (You acquired it on level 10 of the Dungeon)

   [ring of protection from magic]

   It affects your strength (+3).
   It protects you from poison.
   It affects your resistance to hostile enchantments.
 F - the ring "Ruppethre" {rF+ rC- MR+ Int+3}
   (You took it off a meliai on level 15 of the Dungeon)

   [ring of protection from magic]

   It affects your intelligence (+3).
   It protects you from fire.
   It makes you vulnerable to cold.
   It affects your resistance to hostile enchantments.
Wands
 b - a wand of flame (52)
 h - a wand of digging (2) {@v2}
 u - a wand of polymorph (9)
 x - a wand of acid (14) {@v1}
 y - a wand of paralysis (8)
Scrolls
 d - 2 scrolls of immolation {@r4}
 g - a scroll of blinking {@r3}
 l - 5 scrolls of teleportation {@r2}
 o - 2 scrolls of fog
 t - 3 scrolls of remove curse {@r6}
 B - a scroll of identify {@r1}
Potions
 j - 4 potions of stabbing {@q5}
 k - 5 potions of might {@q3}
 m - 2 potions of resistance {@q6}
 n - a potion of haste {@q4}
 q - 9 potions of curing {@q1}
 s - a potion of lignification {@q7}
 v - 6 potions of heal wounds {@q2}
 z - 7 potions of flight
 G - a potion of ambrosia {unknown}
Comestibles
 a - 12 chunks of flesh
 e - 19 rations


   Skills:
 * Level 12.9 Fighting
 * Level 12.9 Axes
 + Level 9.8 Armour
 + Level 9.1 Dodging
 + Level 9.8 Shields
 * Level 14.2 Invocations


You had 13 spell levels left.
You didn't know any spells.
Your spell library was empty.

Dungeon Overview and Level Annotations

Branches:
Dungeon (15/15)            Temple (1/1) D:4            Lair (0/6) D:11
    Orc (0/2) D:10         Vaults (0/5) D:13          Sewer (visited)
 Bailey (visited)
 Depths: D:15

Altars:
Ashenzari
Cheibriados
Dithmenos
Elyvilon
Fedhas
Gozag
Hepliaklqana
Kikubaaqudgha
Makhleb
Nemelex Xobeh
Okawaru
Ru
Sif Muna
Trog
Uskayaw
Vehumet
Wu Jian
Yredelemnul
Zin
The Shining One

Shops:
D:14 =

Annotations:
D:4 3 runed translucent doors, Wiebster667's ghost, amateur DsFi
D:6 1 runed translucent door, exclusion: oklob plant, Cerrion's ghost, amateur FeSu
D:11 2 transporters, Flugslaktarn's ghost, journeyman DDFi


Innate Abilities, Weirdness & Mutations

You are resistant to damage.
You can heal yourself by infusing magical energy.
You resist negative energy. (rN+)
You passively map the area around you.
You do not regenerate.
You have a pair of small horns on your head.


Message History

The yaktaur barely misses you.
The yaktaur hits you but does no damage.
You block the orc warrior's attack.
The deep troll shaman mumbles some strange prayers to its god.
The deep troll shaman is healed somewhat.
The tengu reaver hits you with a +0 war axe.
The tengu reaver pecks you but does no damage.
The tengu reaver claws you but does no damage.
The great orb of eyes bites you.
You are too injured to fight recklessly!
You are too injured to fight recklessly!
You are too injured to fight recklessly!
You are too injured to fight recklessly!
You are too injured to fight recklessly!
You are too injured to fight recklessly!
You are too injured to fight recklessly!
You are too injured to fight recklessly!
You are too injured to fight recklessly!
You are too injured to fight recklessly!
You are too injured to fight recklessly!
You feel much better.
You kill the yaktaur!
Makhleb accepts your kill.
The orc knight hits you from afar with a +2 glaive!!
The yaktaur hits you but does no damage.
You block the great orb of eyes's attack.
You block the deep troll shaman's attack.
The deep troll shaman claws you but does no damage.
The deep troll shaman claws you.
The orc warrior hits you from afar with a +0 halberd!
* * * LOW HITPOINT WARNING * * *
The tengu reaver hits you but does no damage.
The tengu reaver pecks you.
The tengu reaver claws you but does no damage.
Your magical essence is drained by the effort!
You feel much better. The troll bites you. The troll claws you.
The troll claws you but does no damage.
The yaktaur hits you but does no damage.
You block the orc knight's attack.
The deep troll shaman closely misses you.
The deep troll shaman claws you but does no damage.
You block the deep troll shaman's attack.
The great orb of eyes completely misses you.
You slice the yaktaur!!
You kill the yaktaur!
Makhleb accepts your kill.
You feel better.
You hit the great orb of eyes. You hit the tengu reaver.
You closely miss the deep troll shaman. You hit the vault guard.
The vault guard is poisoned.
The orc warrior closely misses you.
The tengu reaver hits you with a +0 war axe!
The tengu reaver closely misses you. The tengu reaver claws you.
The deep troll shaman misses you.
The deep troll shaman claws you but does no damage.
You block the deep troll shaman's attack.
The great orb of eyes gazes at you. You resist with almost no effort.
You block the orc knight's attack.
You closely miss the deep troll shaman.
Your headbutt misses the deep troll shaman.
The deep troll shaman is heavily wounded.
You closely miss the vault guard. You completely miss the troll.
You hit the great orb of eyes. You closely miss the tengu reaver.
The troll barely misses you. The troll claws you! x2
* * * LOW HITPOINT WARNING * * *
The orc warrior closely misses you. You block the vault guard's attack.
The tengu reaver hits you with a +0 war axe!
* * * LOW HITPOINT WARNING * * *
The tengu reaver closely misses you. The tengu reaver claws you.
The great orb of eyes barely misses you.
You block the deep troll shaman's attack.
The deep troll shaman barely misses you.
The deep troll shaman claws you but does no damage.
You are too injured to fight recklessly!
You are too injured to fight recklessly!
You are too injured to fight recklessly!
You are too injured to fight recklessly!
You are too injured to fight recklessly!
You are too injured to fight recklessly!
You are too injured to fight recklessly!
You are too injured to fight recklessly!
You are too injured to fight recklessly!
You are too injured to fight recklessly!
You are too injured to fight recklessly!
You are too injured to fight recklessly!
You feel much better.
The orc warrior no longer looks unusually strong.
The troll barely misses you. You block the troll's attack. The troll claws you!
* * * LOW HITPOINT WARNING * * *
The orc knight barely misses you.
The deep elf archer blinks!
The orc warrior hits you from afar with a +0 halberd!
* * * LOW HITPOINT WARNING * * *
The troll bites you!!
* * * LOW HITPOINT WARNING * * *
The troll claws you but does no damage. The troll closely misses you.
The vault guard hits you with a +3 dire flail!
* * * LOW HITPOINT WARNING * * *
The tengu reaver hits you with a +0 war axe!
* * * LOW HITPOINT WARNING * * *
The tengu reaver pecks you. The tengu reaver barely misses you.
The deep troll shaman bites you.
You die...

..........## ,,,
,##'#.............#' ,
.#..................
.'......##...........+,
#.........).........##
.,.......##)...(.#....##
,...#...zoZ())...(.#.....
** ..#...GQTW##(...........
, ......ยง@plZ.............
*
.......)To.............โ‰ˆ
*
,#........#+#(#.......#.โ‰ˆ
โ‰ˆ
......*.##.((##.......#. ,
* ....#'###.)(..###'#....#
...##., #...(.#...##.... ,
... .. ,##(((##...)'....
,#e #(. ######(..)#.... , *
* * #..###)#..


You could see a tengu reaver, a vault guard, an orc knight, a great orb of eyes,
a deep elf archer, a deep troll shaman, a komodo dragon, a troll, a wraith, an
orc warrior, a wight, a battlesphere and 2 centaur warrior skeletons.

Vanquished Creatures
  An orc warlord (Bailey)
  A yaktaur captain (D:15)
  A great orb of eyes (D:15)
  Harold (D:7)
  3 vault guards (D:15)
  2 centaur warriors (D:15)
  6 two-headed ogres
  A death knight (D:13)
  Urug (D:10)
  3 unseen horrors
  Pikel (D:8)
  3 skeletal warriors (D:13)
  A phantasmal warrior (D:13)
  A deep elf mage (D:13)
  2 orc knights
  2 manticores
  4 cyclopes
  14 ugly things
  4 gargoyles
  2 freezing wraiths
  4 yaktaurs (D:15)
  5 meliai
  10 trolls
  A polar bear (D:11)
  5 slime creatures (D:14)
  7 hippogriffs
  A hornet (D:15)
  Grinder (Sewer)
  A centaur simulacrum (D:14)
  A wraith (D:13)
  A vampire (D:13)
  18 yaks
  A wyvern (D:11)
  2 basilisks (D:11)
  A hog (D:15)
  A human (D:8)
  2 hungry ghosts
  Menkaure (D:6)
  2 floating eyes (D:15)
  18 orc warriors
  2 sky beasts
  2 eyes of draining
  6 ice beasts
  4 slaves (D:8)
  4 necrophages
  13 ogres
  3 centaurs
  3 phantoms
  7 big kobolds
  9 bullfrogs
  2 gnoll sergeants (D:10)
  A wyvern skeleton (D:11)
  4 scorpions
  4 killer bees (D:9)
  2 howler monkeys
  6 wights
  7 crimson imps
  A bullfrog zombie (D:12)
  2 centaur zombies
  3 hounds
  A quasit (D:7)
  10 jellies
  9 orc priests
  3 bullfrog skeletons
  18 orc wizards
  3 centaur skeletons
  4 iguanas
  9 worker ants
  A killer bee zombie (D:7)
  2 big kobold zombies (Sewer)
  A hound skeleton (D:6)
  A worker ant zombie (D:5)
  Robin (D:2)
  17 gnolls
  A howler monkey skeleton (D:7)
  10 adders
  5 shadow imps
  An ufetubus (Sewer)
  16 oozes
  An adder skeleton (D:5)
  An adder zombie (D:9)
  2 worms
  2 dart slugs
  3 leopard geckos
  70 orcs
  4 bats
  4 giant cockroaches
  26 goblins
  17 hobgoblins
  3 jackals
  42 kobolds
  4 quokkas
  3 ball pythons
  2 kobold zombies (Sewer)
  2 quokka skeletons
  A quokka zombie (D:5)
  8 rats
530 creatures vanquished.

Vanquished Creatures (collateral kills)
  Gastronok (D:10)
  Kirke (D:15)
  A yaktaur captain (D:15)
  A hydra (D:10)
  The ghost of Flugslaktarn the Cleaver, a novice MiFi of Gozag (D:10)
  2 orc knights (Bailey)
  A yaktaur (D:15)
  A yak (D:10)
  An orc warrior (Bailey)
  A crimson imp (D:10)
  A goblin (Bailey)
  2 hobgoblins (Bailey)
14 creatures vanquished.

Vanquished Creatures (others)
  2 unseen horrors
  3 humans (D:15)
  A quokka (D:5)
  5 fungi (D:6)
  5 plants (D:10)
16 creatures vanquished.

Grand Total: 560 creatures vanquished

Notes
Turn   | Place    | Note
-------+----------+-------------------------------------------
     0 | D:1      | EnegeticOcto the Deep Dwarf Fighter began the quest for the
                  | Orb.
     0 | D:1      | Reached XP level 1. HP: 20/20 MP: 1/1
   220 | D:2      | Reached XP level 2. HP: 20/27 MP: 2/2
   356 | D:2      | Reached XP level 3. HP: 19/34 MP: 3/3
   539 | D:2      | Noticed Robin
   540 | D:2      | Reached skill level 1 in Dodging
   575 | D:2      | Killed Robin
   769 | D:4      | Noticed a phantom
   772 | D:4      | Reached XP level 4. HP: 37/42 MP: 4/4
   824 | D:4      | Killed a phantom
   824 | D:4      | Reached XP level 5. HP: 22/50 MP: 4/4
   851 | D:4      | Found a staircase to the Ecumenical Temple.
   856 | D:4      | Found a runed translucent gate.
   856 | D:4      | Found a runed translucent gate.
   856 | D:4      | Found a runed translucent gate.
   875 | Temple   | Entered the Ecumenical Temple
  1008 | Temple   | Became a worshipper of Makhleb the Destroyer
  1103 | D:4      | Noticed Wiebster667's ghost (amateur DsFi)
  1177 | D:4      | Found a glowing drain.
  1188 | Sewer    | Entered a sewer
  1214 | Sewer    | Reached XP level 6. HP: 49/57 MP: 4/4
  1289 | Sewer    | Reached skill level 1 in Invocations
  1324 | Sewer    | Found an ancient bone altar of Kikubaaqudgha.
  1361 | Sewer    | Noticed Grinder
  1368 | Sewer    | Paralysed by Grinder for 5 turns
  1377 | Sewer    | Paralysed by Grinder for 5 turns
  1385 | Sewer    | Killed Grinder
  1385 | Sewer    | Reached * piety under Makhleb
  1385 | Sewer    | Reached skill level 2 in Invocations
  1385 | Sewer    | Reached XP level 7. HP: 47/66 MP: 4/6
  1446 | Sewer    | Reached skill level 3 in Invocations
  1543 | Sewer    | Reached skill level 5 in Axes
  1838 | D:5      | Entered Level 5 of the Dungeon
  2125 | D:5      | Reached skill level 4 in Invocations
  2130 | D:5      | Reached skill level 5 in Fighting
  2130 | D:5      | Reached XP level 8. HP: 73/74 MP: 5/7
  2216 | D:5      | Found a white marble altar of Elyvilon.
  3171 | D:6      | Noticed an oklob plant
  3201 | D:6      | Reached skill level 5 in Armour
  3208 | D:6      | Reached skill level 5 in Shields
  3224 | D:6      | Reached ** piety under Makhleb
  3224 | D:6      | Reached skill level 5 in Invocations
  3460 | D:6      | Found a burning altar of Makhleb.
  3527 | D:6      | Found a runed translucent door.
  3527 | D:6      | Noticed Cerrion's ghost (amateur FeSu)
  3627 | D:6      | Noticed Menkaure
  3632 | D:6      | Killed Menkaure
  3632 | D:6      | Reached skill level 6 in Invocations
  3769 | D:6      | Gained mutation: You passively map the area around you.
                  | [Deep Dwarf growth]
  3769 | D:6      | Reached XP level 9. HP: 58/82 MP: 9/9
  3939 | D:7      | Gained mutation: You have a beak for a mouth. [potion of
                  | mutation]
  3939 | D:7      | Lost mutation: You have a beak for a mouth. [potion of
                  | mutation]
  3939 | D:7      | Gained mutation: You have a pair of small horns on your
                  | head. [potion of mutation]
  4028 | D:7      | Noticed Harold
  4071 | D:7      | Killed Harold
  4071 | D:7      | Reached skill level 7 in Invocations
  4121 | D:7      | Reached *** piety under Makhleb
  4852 | D:8      | Reached skill level 5 in Dodging
  4994 | D:8      | Found a glowing silver altar of Zin.
  4995 | D:8      | Noticed an angel
  5044 | D:8      | Noticed Pikel
  5095 | D:8      | Killed Pikel
  5095 | D:8      | Reached skill level 8 in Invocations
  5095 | D:8      | Reached XP level 10. HP: 94/94 MP: 8/10
  5853 | D:9      | Reached **** piety under Makhleb
  6323 | D:9      | Reached skill level 9 in Invocations
  6502 | D:10     | Entered Level 10 of the Dungeon
  6587 | D:10     | Noticed Urug
  6600 | D:10     | Killed Urug
  6647 | D:10     | Found a runed translucent gate.
  6661 | D:10     | Found a flagged portal.
  6672 | Bailey   | Entered a bailey
  6717 | Bailey   | Reached ***** piety under Makhleb
  6717 | Bailey   | Reached XP level 11. HP: 88/103 MP: 11/11
  6779 | Bailey   | Noticed an orc knight
  6782 | Bailey   | Noticed an orc knight
  6812 | Bailey   | Killed an orc knight
  6812 | Bailey   | Reached skill level 10 in Invocations
  6825 | Bailey   | Killed an orc knight
  6955 | Bailey   | Noticed an orc warlord
  6956 | Bailey   | Noticed an orc knight
  6959 | Bailey   | Killed an orc warlord
  6962 | Bailey   | Killed an orc knight
  7078 | D:10     | Identified a scroll of acquirement
  7078 | D:10     | Identified the ring of Due Proportion {rPois MR+ Str+3}
                  | (You acquired it on level 10 of the Dungeon)
  7128 | D:10     | Found a hide-covered altar of Uskayaw.
  7169 | D:10     | Found a runed translucent gate.
  7170 | D:10     | Found a runed translucent gate.
  7171 | D:10     | Noticed Flugslaktarn's ghost (novice MiFi)
  7171 | D:10     | Noticed a ten-headed hydra
  7315 | D:10     | Reached skill level 10 in Axes
  7332 | D:10     | Found an opulent altar of Gozag.
  7372 | D:10     | Found a staircase to the Orcish Mines.
  7520 | D:10     | Noticed a brown ugly thing
  7542 | D:10     | Reached skill level 11 in Invocations
  7551 | D:10     | Killed a brown ugly thing
  7650 | D:10     | Noticed Gastronok
  7661 | D:10     | Killed Gastronok
  7702 | D:10     | Killed a 13-headed hydra
  7708 | D:10     | Killed Flugslaktarn's ghost
  7708 | D:10     | Reached XP level 12. HP: 54/114 MP: 10/10
  7713 | D:10     | Got a polished war axe
  7714 | D:10     | Identified the cursed +1 war axe of the Morning {flame,
                  | +Rage +Fly rC- MR+++} (You found it on level 10 of the
                  | Dungeon)
  7841 | D:11     | Found a staircase to the Lair.
  7877 | D:11     | Noticed Sonja
  7888 | D:11     | Noticed Sonja
  7888 | D:11     | Sonja changed into Sonja the polar bear
  7974 | D:11     | Killed Sonja the polar bear
  8123 | D:11     | Reached skill level 12 in Invocations
  8164 | D:11     | Found a transporter.
  8164 | D:11     | Noticed Flugslaktarn's ghost (journeyman DDFi)
  8181 | D:11     | Found a transporter.
  8490 | D:11     | Reached XP level 13. HP: 117/128 MP: 11/11
  9210 | D:13     | Found a gate to the Vaults.
  9561 | D:13     | Reached ****** piety under Makhleb
  9706 | D:13     | Reached skill level 13 in Invocations
  9869 | D:14     | Gained mutation: You resist negative energy. (rN+) [Deep
                  | Dwarf growth]
  9869 | D:14     | Reached XP level 14. HP: 113/138 MP: 11/11
 10013 | D:14     | Found a shimmering blue altar of Sif Muna.
 10503 | D:14     | Found Jubiucka's Jewellery Emporium.
 10696 | D:15     | Entered Level 15 of the Dungeon
 10779 | D:15     | Identified the ring "Ruppethre" {rF+ rC- MR+ Int+3}
 10840 | D:15     | Noticed Kirke
 10854 | D:15     | Noticed a tengu reaver
 10858 | D:15     | Reached skill level 14 in Invocations
 10859 | D:15     | Paralysed by a floating eye for 2 turns
 10861 | D:15     | Killed Kirke
 10869 | D:15     | Paralysed by a floating eye for 4 turns
 10875 | D:15     | Paralysed by a floating eye for 4 turns
 10893 | D:15     | HP: 1/139 [tengu reaver/+0 war axe (14)]
 10893 | D:15     | Slain by a deep troll shaman

Levels and vault maps discovered:
D:1:      dpeg_arrival_circle_labyrinth_c, layout_basic
D:2:      layout_loops_corners, kennysheep_generic_room_7, uniq_natasha,
          uniq_robin
D:3:      layout_basic, first_ration
D:4:      layout_rooms, minmay_temple_entry_tees, gammafunk_ghost_split,
          portal_sewer_entry_a
D:5:      wad_lake_hut, layout_layer_cave, roderic_roman_lattice,
          minmay_stone_trees_medium, elyvilon_altar_4
D:6:      lemuel_slime, layout_loops_ring, hellmonk_ghost_happy_afterlife,
          makhleb_blood_cavern_becter, uniq_menkaure
D:7:      layout_gridville, uniq_harold
D:8:      layout_cave_pods, zin_angel, grunt_pizzeria, minmay_manual_moon,
          uniq_pikel
D:9:      layout_basic
D:10:     layout_long_grid, kennysheep_orc_monster_closet_entryway, basic_altar,
          enter_bailey_1, gammafunk_ghost_hydra_chop, lemuel_altar_in_water,
          uniq_urug, uniq_gastronok
D:11:     layout_long_grid, david_lair_generic,
          gammafunk_ghost_berserking_beasts, uniq_sonja
D:12:     layout_rooms
D:13:     layout_loops_ring, david_vaults_1
D:14:     layout_loops_cross, serial_shops, shop, lemuel_blue_sif_altar,
          hangedman_decor_growths
D:15:     hangedman_spin_cycle, serial_shops
Temple:   minmay_crystal_snake_temple

Skill      XL: |  1  2  3  4  5  6  7  8  9 10 11 12 13 14 |
---------------+-------------------------------------------+-----
Fighting       | 3 4 5 7 8 9 11 12 | 12.9
Dodging        | 1 2 3 4 5 6 7 8 9 |  9.1
Axes           | 3 4 5 6 8 9 10 11 12 | 12.9
Armour         | 4 5 6 7 8 9 |  9.8
Shields        | 4 5 6 7 8 9 |  9.8
Invocations    | 2 4 6 8 9 11 12 13 14 | 14.2

Action                   |  1- 3 |  4- 6 |  7- 9 | 10-12 | 13-15 || total
-------------------------+-------+-------+-------+-------+-------++-------
Melee: War axe           |    88 |   148 |   523 |   407 |       ||  1166
       Headbutt          |       |       |    40 |   165 |   137 ||   342
       Broad axe         |       |       |       |   291 |   468 ||   759
Invok: Lesser Servant of |       |       |       |    11 |       ||    11
       Greater Servant o |       |       |       |       |     1 ||     1
 Abil: Heal Wounds       |     1 |     4 |    23 |    27 |    31 ||    86
Evoke: Wand              |       |       |       |     6 |       ||     6
  Use: Scroll            |       |     2 |    10 |     8 |     5 ||    25
       Potion            |       |       |     1 |     2 |       ||     3
 Stab: Distracted        |       |       |     1 |     4 |       ||     5
  Eat: Chunk             |       |     2 |    13 |    19 |     7 ||    41
       Ration            |       |       |       |     3 |       ||     3
Armor: Scale mail        |    44 |   109 |   146 |       |       ||   299
       Plate armour      |       |       |    68 |   456 |   289 ||   813
Dodge: Dodged            |    31 |    85 |   191 |   286 |   211 ||   804
Block: Kite shield       |    63 |   111 |   275 |   520 |   340 ||  1309

Table legend:
 A = Non-vault XP
 B = Vault XP
 C = Vault XP percentage of total XP
 D = Non-vault monster count
 E = Vault monster count
 F = Vault count percentage of total count
                 A         B        C        D         E       F
            +---------+---------+-------+---------+---------+-------
      Total |   40740 |   33187 |  44.9 |     325 |     216 |  39.9
            +---------+---------+-------+---------+---------+-------
        D:1 |       9 |       0 |   0.0 |       4 |       0 |   0.0
        D:2 |      24 |      48 |  66.7 |       8 |      15 |  65.2
        D:3 |       2 |       0 |   0.0 |       1 |       0 |   0.0
        D:4 |     276 |       7 |   2.5 |      12 |       6 |  33.3
        D:5 |     530 |       0 |   0.0 |      20 |       0 |   0.0
        D:6 |     594 |     687 |  53.6 |      19 |      23 |  54.8
        D:7 |     809 |    1002 |  55.3 |      25 |       1 |   3.8
        D:8 |     340 |    1182 |  77.7 |      13 |       4 |  23.5
        D:9 |    1862 |       0 |   0.0 |      34 |       0 |   0.0
       D:10 |    3773 |    5833 |  60.7 |      44 |      24 |  35.3
       D:11 |    5638 |    1117 |  16.5 |      50 |       5 |   9.1
       D:12 |    1100 |       0 |   0.0 |       8 |       0 |   0.0
       D:13 |   10911 |    2638 |  19.5 |      52 |       6 |  10.3
       D:14 |   14872 |       0 |   0.0 |      35 |       0 |   0.0
       D:15 |       0 |   15521 | 100.0 |       0 |      28 | 100.0
      Sewer |       0 |     697 | 100.0 |       0 |      35 | 100.0
     Bailey |       0 |    4455 | 100.0 |       0 |      69 | 100.0
            +---------+---------+-------+---------+---------+-------
